 Dungeon Crawl Stone Soup version 0.31-a0-214-gb37851d (webtiles) character file.

Game seed: 7599487089988014398

58 Dawnplanks the Gusty (level 4, 0/24 HPs)
             Began as a Tengu Air Elementalist on July 1, 2023.
             Killed by nerve-wracking pain
             ... invoked by Grinder
              (14 damage)
             ... while paralysed by Grinder
             ... on level 3 of the Dungeon.
             The game lasted 00:04:27 (2092 turns).

Dawnplanks the Gusty (Tengu Air Elementalist)       Turns: 2092, Time: 00:04:27

Health: 0/24       AC:  2    Str:  8    XL:     4   Next: 2%
Magic:  4/9        EV:  2    Int: 18    God:
Gold:   70         SH:  0    Dex: 14    Spells: 7/8 levels left

rFire   . . .        e - +2 hand axe (flame)
rCold   . . .        (no shield)
rNeg    . . .        a - +0 robe
rPois   .            (helmet restricted)
rElec   .            (no cloak)
rCorr   .            (no gloves)
SInv    .            (boots unavailable)
Will    .....        (no amulet)
Stlth   ++           (no ring)
HPRegen 0.24/turn    (no ring)
MPRegen 0.11/turn

%: no passive effects
@: paralysed
A: beak, talons 3
a: no special abilities


You were on level 3 of the Dungeon.
You visited 1 branch of the dungeon, and saw 3 of its levels.

You collected 70 gold pieces.

Inventory:

Hand Weapons
 d - a +2 short sword of electrocution
 e - a +2 hand axe of flaming (weapon)
Armour
 a - a +0 robe (worn)
Wands
 l - a wand of iceblast (3)
Scrolls
 c - a scroll of enchant armour {unknown}
 f - a scroll of immolation {unknown}
 j - a scroll of teleportation {unknown}
 k - a scroll of identify {unknown}
Potions
 b - 2 potions of magic
 g - a potion of mutation {unknown}
 h - 2 potions of curing {unknown}
 i - a potion of degeneration {unknown}


   Skills:
 + Level 0.1 Fighting
 + Level 2.6 Dodging
 - Level 2.1 Stealth
 + Level 2.6 Spellcasting
 + Level 2.3 Conjurations
 + Level 4.8 Air Magic


You had 7 spell levels left.
You knew the following spells:

 Your Spells              Type           Power      Damage    Failure   Level
a - Shock                 Conj/Air       60%        1d6       3%          1

Your spell library contained the following spells:

 Spells                   Type           Power      Damage    Failure   Level
 Static Discharge         Conj/Air       30%        2-4/arc   6%          2
 Swiftness                Air            19%        N/A       7%          3
 Airstrike                Air            9%         2d(2-18)  22%         4
 Dazzling Flash           Conj/Hex       12%        N/A       30%         3
 Silence                  Hex/Air        5%         N/A       86%         5
 Agony                    Necr           2%         N/A       99%         5


Dungeon Overview and Level Annotations

Branches:
Dungeon (3/15)

Altars:

Annotations:
D:3 Grinder


Innate Abilities, Weirdness & Mutations

You have a beak for a mouth.
You have claws for feet.


Message History

You see here a +0 chain mail.
A quokka zombie, a giant cockroach zombie and a rat come into view.
Found an escape hatch in the floor.
The zap hits the rat.
You kill the rat!
You have reached level 4!
You feel clever.
The zap hits the giant cockroach zombie.
The giant cockroach zombie is severely damaged.
The zap hits the quokka zombie.
The quokka zombie is moderately damaged.
The zap hits the giant cockroach zombie.
You destroy the giant cockroach zombie!
The zap hits the quokka zombie.
The quokka zombie is severely damaged.
The zap hits the quokka zombie.
You destroy the quokka zombie!
You now have 70 gold pieces (gained 7).
l - a wand of iceblast (3) Grinder comes into view.
She is carrying a wand of flame (12).
The zap hits Grinder.
Grinder is lightly wounded.
Grinder shouts!
The zap hits Grinder but does no damage.
Grinder is lightly wounded.
The zap hits Grinder but does no damage.
Grinder is lightly wounded.
A quokka comes into view.
The zap hits Grinder.
Grinder is lightly wounded.
The zap misses Grinder.
The zap hits the quokka.
The quokka is heavily wounded.
Grinder gestures at you.
You suddenly lose the ability to move!
Grinder gestures at you. Pain shoots through your body!
Grinder gestures at you. Pain shoots through your body!
Ouch! That really hurt!
You die...

># .# .. .## .# ..#
.# #+# r# # 5# # .#
#################.#
................@.#
........###########
..#.###.# #.#.# #.#
..#.# #.# #.#.# #.#
#.#.# #.# #.#.# #.#
....# #.#


You could see Grinder and a quokka.

Vanquished Creatures
  A gnoll (D:1)
  An adder zombie (D:3)
  A worm (D:2)
  2 dart slugs (D:1)
  3 endoplasms
  2 giant cockroaches (D:1)
  4 goblins
  6 hobgoblins
  A quokka (D:1)
  5 ball pythons
  3 bats
  3 frilled lizards
  A giant cockroach zombie (D:3)
  A quokka zombie (D:3)
  3 rats
37 creatures vanquished.

Notes
Turn   | Place    | Note
-------+----------+-------------------------------------------
     0 | D:1      | Dawnplanks the Tengu Air Elementalist began the quest for
                  | the Orb.
     0 | D:1      | Reached XP level 1. HP: 10/10 MP: 4/4
     2 | D:1      | Noticed a vine stalker
     2 | D:1      | Noticed a ghoul
     4 | D:1      | Noticed a gargoyle
     4 | D:1      | Noticed a naga
     6 | D:1      | Noticed an octopode
     6 | D:1      | Noticed a formicid
     8 | D:1      | Noticed a merfolk
     8 | D:1      | Noticed a demigod
    10 | D:1      | Noticed a draconian
    10 | D:1      | Noticed a human
    12 | D:1      | Noticed an armataur
    12 | D:1      | Noticed a demonspawn
    14 | D:1      | Noticed a vampire
    16 | D:1      | Noticed a troll
    16 | D:1      | Noticed a felid
    49 | D:1      | Noticed a minotaur
    51 | D:1      | Noticed an ogre
    53 | D:1      | Noticed a tengu
    53 | D:1      | Noticed a meteoran
    55 | D:1      | Noticed a meteoran
    55 | D:1      | Noticed an elf
    57 | D:1      | Noticed a merfolk
    57 | D:1      | Noticed a minotaur
   253 | D:1      | Reached XP level 2. HP: 15/15 MP: 3/6
   568 | D:1      | Reached XP level 3. HP: 19/19 MP: 2/7
   958 | D:1      | You fall into a shaft and drop 1 floor!
  1991 | D:3      | Reached XP level 4. HP: 24/24 MP: 6/8
  2085 | D:3      | Noticed Grinder
  2090 | D:3      | Paralysed by Grinder for 5 turns
  2092 | D:3      | Killed from afar by Grinder

Illustrated notes

Levels and vault maps discovered:
D:1:      kb_arrival_jail, layout_basic, minmay_misc_feat_hallway
D:2:      layout_basic
D:3:      layout_loops_ring, serial_undead, serial_undead_f, serial_undead_c,
          serial_undead_c, serial_undead_a, serial_undead_c, st_stairs_14,
          chequers_serial_rivers_small_b, supply_closet_lemuel, uniq_grinder,
          uniq_sigmund

Skill      XL: |  1  2  3 |
---------------+----------+-----
Conjurations   | 2 |  2.3
Fighting       | |  0.1
Dodging        | |  2.6
Stealth        | |  2.1
Spellcasting   | |  2.6
Air Magic      | |  4.8

Action                     |  1- 3 |  4- 6 || total
---------------------------+-------+-------++-------
  Melee: Hand axe          |     5 |       ||     5
         Kick              |     1 |       ||     1
   Cast: Shock             |    83 |     9 ||    92
 Armour: Robe              |     1 |       ||     1
  Dodge: Dodged            |     9 |       ||     9

Table legend: (Time is in decaauts)
 A = Elapsed time spent in this place.
 B = Non-inter-level travel time spent in this place.
 C = Inter-level travel time spent in this place.
 D = Time resting spent in this place.
 E = Time spent auto-exploring this place.
 F = Levels seen in this place.
 G = Mean time per level.
                   A        B        C        D        E       F      G
               +--------+--------+--------+--------+--------+-----+--------+
         Total |   2092 |   2047 |     45 |      0 |   1647 |   3 |  697.3 |
       Dungeon |   2092 |   2047 |     45 |      0 |   1647 |   3 |  697.3 |
               +--------+--------+--------+--------+--------+-----+--------+

Top non-repeatable levels by time:
     D:1: 1241 daAuts
     D:2: 572 daAuts
     D:3: 278 daAuts
